 Dungeon Crawl Stone Soup version 0.30-a0-223-gcb0039aa0c (webtiles) character file.

Game seed: 3157213518351006929

15258 droid the Severer (level 11, -7/101 HPs)
             Began as a Minotaur Fighter on Oct 9, 2022.
             Was a High Priest of Okawaru.
             Mangled by a very large slime creature (34 damage)
             ... on level 12 of the Dungeon.
             The game lasted 00:20:27 (11841 turns).

droid the Severer (Minotaur Fighter)               Turns: 11841, Time: 00:20:28

Health: -7/101     AC: 19    Str: 25    XL:     11   Next: 99%
Magic:  0/10       EV: 12    Int:  5    God:    Okawaru [*****.]
Gold:   752        SH: 14    Dex: 22    Spells: 10/10 levels left

rFire   . . .      SeeInvis .    a - +0 war axe
rCold   . . .      Faith    .    P - +0 kite shield
rNeg    . . .      Spirit   +    c - +0 plate armour
rPois   .          Reflect  .    (helmet restricted)
rElec   .          Harm     .    k - +0 cloak
rCorr   .          Rampage  .    v - +0 pair of gloves
Will    .....                    (no boots)
Stlth   ..........               u - amulet of guardian spirit
HPRegen 0.36/turn                m - +6 ring of dexterity
MPRegen 0.12/turn                J - +6 ring of dexterity

@: mighty, heroic
A: horns 2, retaliatory headbutt
a: Renounce Religion, Heroism, Finesse, Duel


You were on level 12 of the Dungeon.
You worshipped Okawaru.
Okawaru was extremely pleased with you.
You visited 2 branches of the dungeon, and saw 13 of its levels.
You also visited: Sewer.

You collected 752 gold pieces.

Inventory:

Hand Weapons
 a - a +0 war axe (weapon)
 N - a +2 great mace of holy wrath
Missiles
 I - a throwing net (quivered)
Armour
 c - a +0 plate armour (worn)
 k - a +0 cloak (worn)
 v - a +0 pair of gloves (worn)
 w - a +0 chain mail
 L - +0 acid dragon scales
 P - a +0 kite shield (worn)
Jewellery
 g - an amulet of the acrobat
 h - a ring of wizardry
 m - a +6 ring of dexterity (left hand)
 u - an amulet of guardian spirit (around neck)
 C - a ring of flight
 F - an amulet of regeneration
 J - a +6 ring of dexterity (right hand)
Wands
 E - a wand of roots (12)
 G - a wand of flame (18)
 K - a wand of mindburst (8)
Scrolls
 b - 3 scrolls of noise
 f - a scroll of fog
 l - 4 scrolls of enchant weapon
 n - 2 scrolls of immolation
 o - a scroll of fear {unknown}
 p - a scroll of enchant armour
 r - 3 scrolls of silence
 t - 3 scrolls of magic mapping
 y - a scroll of vulnerability {unknown}
 z - a scroll of blinking
 B - a scroll of acquirement {unknown}
 H - 2 scrolls of teleportation
Potions
 d - 2 potions of might
 e - 4 potions of curing
 i - 2 potions of magic {unknown}
 j - 6 potions of haste
 q - 2 potions of attraction {unknown}
 s - 3 potions of flight {unknown}
 x - 2 potions of lignification {unknown}
 A - a potion of mutation {unknown}
 D - a potion of brilliance {unknown}
 M - 2 potions of berserk rage {unknown}


   Skills:
 + Level 10.4(15.4) Fighting
 * Level 17.4(22.4) Axes
 + Level 9.3(14.3) Armour
 + Level 3.8(8.8) Dodging
 + Level 7.9(12.9) Shields
 + Level 0.4 Invocations


You had 10 spell levels left.
You didn't know any spells.
Your spell library contained the following spells:

 Spells                   Type           Power      Damage    Failure   Level
 Cigotuvi's Dreadful Rot  Necr/Pois/Air  0%         N/A       100%        2
 Poisonous Vapours        Pois/Air       0%         N/A       100%        2
 Mephitic Cloud           Conj/Pois/Air  0%         N/A       100%        3
 Chain Lightning          Conj/Air       0%         N/A       100%        9
 Fire Storm               Conj/Fire      0%         5d1       100%        9
 Shatter                  Erth           0%         3d5*      100%        9


Dungeon Overview and Level Annotations

Branches:
Dungeon (12/15)            Temple (1/1) D:5            Lair (0/5) D:11
  Sewer (visited)
    Orc: D:9-12

Altars:
Ashenzari
Cheibriados
Dithmenos
Elyvilon
Fedhas
Gozag
Hepliaklqana
Kikubaaqudgha
Makhleb
Nemelex Xobeh
Okawaru
Qazlal
Ru
Sif Muna
Trog
Uskayaw
Vehumet
Wu Jian
Xom
Yredelemnul
Zin
The Shining One

Annotations:
D:8 3 transporters


Innate Abilities, Weirdness & Mutations

You have a pair of horns on your head.
You reflexively headbutt those who attack you in melee.


Message History

You slash the slime creature!
The slime creature is moderately wounded.
You slash the slime creature!
The slime creature is moderately wounded.
Two slime creatures merge to form a large slime creature.
You hit the large slime creature but do no damage.
The large slime creature is lightly wounded.
Two slime creatures merge to form a very large slime creature.
You slash the very large slime creature!
The very large slime creature is lightly wounded.
You slice the very large slime creature!!
You headbutt the very large slime creature.
The very large slime creature is moderately wounded.
You block the very large slime creature's attack.
You fail to use your ability.
The very large slime creature hits you!!
You gain the combat prowess of a mighty hero.
You block the very large slime creature's attack.
You feel very mighty all of a sudden.
You block the very large slime creature's attack.
You slash the very large slime creature!
You headbutt the very large slime creature.
The very large slime creature is moderately wounded.
You slice the very large slime creature!!
The very large slime creature is heavily wounded.
You block the very large slime creature's attack.
You slice the very large slime creature!!
Your headbutt misses the very large slime creature.
The very large slime creature is severely wounded.
The very large slime creature hits you!!
You hit the very large slime creature.
You headbutt the very large slime creature.
The very large slime creature is severely wounded.
The very large slime creature hits you!!
* * * LOW HITPOINT WARNING * * *
You slash the very large slime creature!
You headbutt the very large slime creature!!
The very large slime creature is almost dead.
The very large slime creature hits you!!!
You die...

###
#..
#.#
#.#
#.#
#J#
#@#
###


You could see a very large slime creature.

Vanquished Creatures
  A broodmother (shapeshifter) (D:9)
  2 two-headed ogres
  Amaemon (D:9)
  The ghost of porpoise the Spear-Bearer, a novice DsGl of Fedhas (D:7)
  Pikel (D:6)
  Maggie (D:6)
  An orange demon (D:9)
  A komodo dragon (D:11)
  Grinder (D:6)
  3 slime creatures
  Sigmund (D:2)
  31 yaks
  A wraith (D:9)
  A wyvern (D:9)
  A steam dragon (D:7)
  Duvessa (D:6)
  Edmund (D:6)
  2 acid dragons
  A water moccasin (D:8)
  Pargi (Sewer)
  4 orc warriors
  2 ice beasts
  3 black bears
  7 ogres
  2 centaurs
  2 lemures (D:6)
  5 kobold brigands
  5 bullfrogs
  A gnoll sergeant (D:10)
  A necrophage (D:7)
  5 wights (D:8)
  Dowan (D:6)
  9 killer bees
  A howler monkey (D:11)
  4 quasits (D:7)
  7 hounds
  2 jellies
  4 orc priests
  Crazy Yiuf (D:2)
  A gnoll bouda (D:7)
  Natasha (D:2)
  Terence (D:3)
  4 iguanas
  19 orc wizards
  8 gnolls
  5 adders
  A shadow imp (D:6)
  3 white imps
  2 ufetubi (D:5)
  2 worms
  13 dart slugs
  48 orcs
  7 bats
  9 endoplasms
  10 giant cockroaches
  12 goblins
  12 hobgoblins
  28 kobolds
  6 quokkas
  15 ball pythons
  7 frilled lizards
  5 rats
339 creatures vanquished.

Vanquished Creatures (others)
  13 fungi (D:11)
  8 plants (D:11)
21 creatures vanquished.

Grand Total: 360 creatures vanquished

Notes
Turn   | Place    | Note
-------+----------+-------------------------------------------
     0 | D:1      | droid the Minotaur Fighter began the quest for the Orb.
     0 | D:1      | Reached XP level 1. HP: 19/19 MP: 0/0
   151 | D:1      | Reached XP level 2. HP: 14/27 MP: 1/1
   629 | D:1      | Reached skill level 3 in Axes
   650 | D:1      | Reached XP level 3. HP: 30/33 MP: 2/2
   940 | D:2      | Reached skill level 4 in Axes
   941 | D:2      | Reached XP level 4. HP: 39/40 MP: 3/3
   987 | D:2      | Noticed Sigmund
   999 | D:2      | Killed Sigmund
  1000 | D:2      | Reached skill level 5 in Axes
  1000 | D:2      | Reached XP level 5. HP: 30/47 MP: 4/4
  1020 | D:2      | Reached skill level 6 in Axes
  1153 | D:2      | Found a faded altar of an unknown god.
  1213 | D:2      | Reached XP level 6. HP: 53/53 MP: 5/5
  1238 | D:2      | Noticed Natasha
  1242 | D:2      | Killed Natasha
  1428 | D:2      | Found a runed translucent door.
  1429 | D:2      | Noticed Crazy Yiuf
  1554 | D:2      | Killed Crazy Yiuf
  1833 | D:3      | Noticed Terence
  1838 | D:3      | Killed Terence
  1975 | D:3      | Found the +7 Throatcutter {drain, coup de grace}
  1983 | D:3      | Reached skill level 7 in Axes
  1983 | D:3      | Reached skill level 1 in Dodging
  1986 | D:3      | Reached XP level 7. HP: 46/60 MP: 6/6
  2473 | D:4      | Found a blossoming altar of Fedhas.
  2473 | D:4      | Found a hazy altar of Hepliaklqana.
  2510 | D:4      | Reached skill level 8 in Axes
  2692 | D:4      | Found a basalt altar of Yredelemnul.
  2692 | D:4      | Found a faded altar of an unknown god.
  2715 | D:4      | Found a shimmering altar of Xom.
  2717 | D:4      | Found a shadowy altar of Dithmenos.
  2719 | D:4      | Found a faded altar of an unknown god.
  2958 | D:5      | Entered Level 5 of the Dungeon
  2970 | D:5      | Reached skill level 5 in Fighting
  2995 | D:5      | Found a glowing drain.
  3006 | Sewer    | Entered a sewer
  3029 | Sewer    | Noticed Pargi
  3039 | Sewer    | Killed Pargi
  3108 | Sewer    | Reached skill level 9 in Axes
  3251 | D:5      | Reached skill level 5 in Armour
  3297 | D:5      | Reached XP level 8. HP: 66/68 MP: 7/7
  3687 | D:5      | Found a staircase to the Ecumenical Temple.
  3885 | D:5      | Reached skill level 10 in Axes
  3885 | D:5      | Reached skill level 5 in Shields
  4340 | Temple   | Entered the Ecumenical Temple
  4639 | Temple   | Became a worshipper of Warmaster Okawaru
  4704 | D:6      | Noticed Edmund
  4706 | D:6      | Noticed Grinder
  4714 | D:6      | Killed Edmund
  4715 | D:6      | Reached skill level 11 in Axes
  4717 | D:6      | Paralysed by Grinder for 3 turns
  4724 | D:6      | Paralysed by Grinder for 5 turns
  4734 | D:6      | Killed Grinder
  4734 | D:6      | Reached * piety under Okawaru
  4861 | D:6      | Noticed Dowan
  4862 | D:6      | Noticed Duvessa
  4867 | D:6      | Killed Dowan
  4868 | D:6      | Reached XP level 9. HP: 69/75 MP: 8/8
  4873 | D:6      | Killed Duvessa
  5005 | D:6      | Reached skill level 12 in Axes
  5044 | D:6      | Noticed Pikel
  5058 | D:6      | Killed Pikel
  5256 | D:6      | Noticed Maggie
  5265 | D:6      | Killed Maggie
  5265 | D:6      | Reached ** piety under Okawaru
  5266 | D:6      | Reached skill level 13 in Axes
  5774 | D:7      | Found a transporter.
  5774 | D:7      | Noticed porpoise's ghost (novice DsGl)
  5856 | D:7      | Found a transporter.
  6348 | D:7      | Reached XP level 10. HP: 57/86 MP: 5/9
  6451 | D:7      | Reached *** piety under Okawaru
  6756 | D:7      | Reached skill level 14 in Axes
  6769 | D:7      | Killed porpoise's ghost
  6989 | D:8      | Reached **** piety under Okawaru
  7193 | D:8      | Reached skill level 15 in Axes
  7295 | D:8      | Found a transporter.
  7302 | D:8      | Found a transporter.
  7303 | D:8      | Found a transporter.
  7364 | D:8      | Found a transporter.
  7572 | D:9      | Noticed a two-headed ogre
  7575 | D:9      | Killed a two-headed ogre
  7833 | D:9      | Noticed an orange demon
  7833 | D:9      | Noticed Amaemon
  7846 | D:9      | Noticed a shock serpent
  7852 | D:9      | HP: 3/90 [centaur/arrow (4)]
  8211 | D:9      | Noticed a broodmother
  8216 | D:9      | Noticed a wolf spider
  8221 | D:9      | Noticed a wolf spider
  8223 | D:9      | Killed a broodmother
  8476 | D:9      | Reached XP level 11. HP: 95/95 MP: 10/10
  8496 | D:9      | Killed Amaemon
  8497 | D:9      | Reached skill level 16 in Axes
  9269 | D:9      | Reached ***** piety under Okawaru
  9557 | D:10     | Entered Level 10 of the Dungeon
  9947 | D:10     | Noticed a two-headed ogre
  9957 | D:10     | Killed a two-headed ogre
  9957 | D:10     | Received a gift from Okawaru
 10022 | D:10     | Reached skill level 17 in Axes
 10519 | D:10     | Found a sparkling altar of Nemelex Xobeh.
 10853 | D:11     | Reached skill level 10 in Fighting
 11150 | D:11     | HP: 4/100 [large slime creature (21)]
 11660 | D:11     | Found a staircase to the Lair.
 11841 | D:12     | Mangled by a very large slime creature

Illustrated notes

Levels and vault maps discovered:
D:1:      ncdulo_wetmaze, layout_basic
D:2:      layout_loops_cross, hellmonk_ecumenical_altar_zigzags,
          uniq_crazy_yiuf_cottage, uniq_sigmund, uniq_natasha
D:3:      kennysheep_slugbush, layout_basic, minmay_misc_feat_encased,
          kennysheep_path_1, hex_tiny, chequers_avenue,
          dilly_guarded_unrand_throatcut, uniq_terence
D:4:      layout_gridville, chequers_temple_overflow_minitemple,
          mainiacjoe_overflow_divided_tiny
D:5:      cheibrodos_thug_alley, layout_basic,
          minmay_temple_entry_drinking_statues, gup_sewer_entry_pipe
D:6:      layout_basic, minmay_misc_feat_room, uniq_pikel, uniq_maggie,
          uniq_grinder, uniq_duvessa, uniq_edmund
D:7:      layout_basic, enter_bailey_5, gammafunk_ghost_stat_death,
          minmay_strange_pillars
D:8:      layout_cave_pools, nicolae_transporter_circle
D:9:      layout_layer_cave, uniq_amaemon
D:10:     layout_cave_pools, kennysheep_mini_moat
D:11:     layout_rooms, grunt_lair_entry_orc_guard_hut
D:12:     minmay_expanding_circles, layout_basic, david_orc_3, serial_ice,
          serial_ice_l, serial_ice_d, serial_ice_m, serial_ice_n,
          portal_ice_cave_entry_ice_simulacra
Temple:   compressed_dpeg_triangle_lava_temple

Skill      XL: |  1  2  3  4  5  6  7  8  9 10 11 |
---------------+----------------------------------+-----
Armour         | 4 5 6 7 9 |  9.3
Fighting       | 4 5 6 7 8 10 | 10.4
Axes           | 3 4 5 6 7 9 11 13 15 17 | 17.4
Shields        | 4 5 6 7 |  7.9
Dodging        | 1 2 3 |  3.8
Invocations    | |  0.4

Action                   |  1- 3 |  4- 6 |  7- 9 | 10-12 || total
-------------------------+-------+-------+-------+-------++-------
Melee: War axe           |    55 |    99 |   291 |   379 ||   824
       Headbutt          |     8 |    11 |    61 |    97 ||   177
Invok: Heroism           |       |       |     1 |     5 ||     6
  Use: Scroll            |       |       |     7 |     7 ||    14
       Potion            |       |       |     2 |     5 ||     7
 Stab: Invisible         |       |       |       |     1 ||     1
Armor: Scale mail        |    27 |    38 |       |       ||    65
       Chain mail        |       |       |   143 |   106 ||   249
       Plate armour      |       |       |       |    40 ||    40
Dodge: Dodged            |    31 |    57 |   119 |   152 ||   359
Block: Buckler           |     9 |    29 |    83 |    90 ||   211
       Kite shield       |       |       |       |    66 ||    66

Table legend: (Time is in decaauts)
 A = Elapsed time spent in this place.
 B = Non-inter-level travel time spent in this place.
 C = Inter-level travel time spent in this place.
 D = Time resting spent in this place.
 E = Time spent auto-exploring this place.
 F = Levels seen in this place.
 G = Mean time per level.
                   A        B        C        D        E       F      G
               +--------+--------+--------+--------+--------+-----+--------+
         Total |  11888 |  11009 |    879 |   1683 |   7366 |  14 |  849.1 |
       Dungeon |  11397 |  10563 |    834 |   1683 |   7112 |  12 |  949.8 |
        Temple |    308 |    263 |     45 |      0 |    254 |   1 |  308.0 |
         Sewer |    182 |    182 |      0 |      0 |      0 |   1 |  182.0 |
               +--------+--------+--------+--------+--------+-----+--------+

Top non-repeatable levels by time:
     D:9: 1969 daAuts
    D:10: 1462 daAuts
     D:7: 1321 daAuts
     D:5: 1119 daAuts
     D:1: 895 daAuts
     D:6: 864 daAuts
     D:2: 843 daAuts
    D:11: 764 daAuts
     D:4: 763 daAuts
     D:3: 697 daAuts
     D:8: 683 daAuts
  Temple: 308 daAuts
   Sewer: 182 daAuts
    D:12: 11 daAuts
